 Dungeon Crawl Stone Soup version 0.25-a0-785-gb22c70e (webtiles) character file.

Game seed: 12998119157033899694, levelgen mode: deterministic

1184345 Econoterrorist the Conqueror (level 27, -3/190 (191) HPs)
             Began as a Minotaur Fighter on Apr 17, 2020.
             Was the Champion of the Shining One.
             Slain by a death scarab (21 damage)
             ... on level 2 of the Tomb of the Ancients on Apr 18, 2020.
             The game lasted 08:55:54 (123745 turns).

Econoterrorist the Conqueror (Minotaur Fighter)   Turns: 123745, Time: 08:55:57

HP:   -3/190 (191)  AC: 36    Str: 34      XL:     27
MP:   27/27         EV: 19    Int:  6 (7)  God:    the Shining One [******]
Gold: 8063          SH: 25    Dex:  6 (12) Spells: 27/38 levels left

rFire    + + +     SeeInvis +   u - +8 sacred scourge (holy)
rCold    + + .     Gourm    .   i - +5 kite shield {rPois}
rNeg     + + +     Faith    .   R - +8 fire dragon scales
rPois    +         Spirit   .   N - +2 hat of Nojetag {rElec rC+}
rElec    +         Reflect  +   K - scarf {rC+ rF+}
rCorr    .         Harm     .   y - +2 pair of gloves {Str+3}
MR       +++..     Rnd*Tele +   E - +2 pair of boots {run}
Stlth    ..........             d - +6 amulet of reflection
HPRegen  0.41/turn              H - ring "Vujank" {rC+ MR+ Str+5 SInv}
MPRegen  0.20/turn              Y - ring "Iloliamu" {rPois rF+ rN+ Int-4 Dex+2}

@: marked, flayed, slowed, glowing, silenced, deflect missiles, very slow
A: retaliatory headbutt, horns 2, blurry vision 1, clumsy 2, frail 3, low mp 3,
sense surroundings 1, screaming 1, strong 1, teleportitis 1, no potion heal 1
}: 11/15 runes: barnacled, slimy, silver, obsidian, abyssal, demonic, glowing,
magical, fiery, dark, gossamer
a: Renounce Religion


You were on level 2 of the Tomb of the Ancients.
You worshipped the Shining One.
The Shining One was exalted by your worship.
You were not hungry.

You visited 15 branches of the dungeon, and saw 67 of its levels.
You visited Pandemonium 3 times, and saw 17 of its levels.
You visited the Abyss 6 times.
You also visited: Wizlab.

You collected 15489 gold pieces.
You spent 1599 gold pieces at shops.
You donated 5827 gold pieces to Zin.

Inventory:

Hand Weapons
 j - the +6 sword of Cerebov {flame}
   (You took it off Cerebov in Pandemonium)

   It has been specially enchanted to burn those struck by it, causing extra
   injury to most foes and up to half again as much damage against particularly
   susceptible opponents.
   Big, fiery blades are also staple armaments of hydra-hunters.
   The Shining One disapproves of the use of such an item.
 s - the +7 sceptre of Asmodeus
   (You took it off Asmodeus on level 7 of Gehenna)

   The Shining One disapproves of the use of such an item.
 u - a +8 sacred scourge of holy wrath (weapon)
 M - a +8 eveningstar of flaming
Missiles
 P - 6 throwing nets (quivered)
Armour
 i - a +5 kite shield of poison resistance (worn)
 y - a +2 pair of gloves of strength (worn)
 E - a +2 pair of boots of running (worn)
 K - a scarf of resistance (worn)
 N - the +2 hat of Nojetag (worn) {rElec rC+}
   (Okawaru gifted it to you on level 4 of the Spider Nest)

   It protects you from cold.
   It insulates you from electricity.
 R - +8 fire dragon scales (worn)
Jewellery
 c - an uncursed ring of resist corrosion
 d - a +6 amulet of reflection (around neck)
 k - the amulet "Reatutie" {rF+ rC+ Regen+ Dex+4}
   (You found it on level 3 of the Crypt)

   [amulet of regeneration]

   It affects your dexterity (+4).
   It protects you from fire.
   It protects you from cold.
   It increases your rate of regeneration.
 A - an uncursed ring of flight
 H - the ring "Vujank" (left hand) {rC+ MR+ Str+5 SInv}
   (You took it off a rakshasa in Pandemonium)

   [ring of see invisible]

   It affects your strength (+5).
   It protects you from cold.
   It affects your resistance to hostile enchantments.
   It lets you see invisible.
 Y - the ring "Iloliamu" (right hand) {rPois rF+ rN+ Int-4 Dex+2}
   (You found it on level 3 of the Crypt)

   [ring of positive energy]

   It affects your intelligence (-4).
   It affects your dexterity (+2).
   It protects you from fire.
   It protects you from poison.
   It protects you from negative energy.
Wands
 a - a wand of iceblast (90)
 b - a wand of acid (46)
 r - a wand of digging (26)
 w - a wand of disintegration (20)
 C - a wand of flame (134)
 O - a wand of scattershot (13)
Scrolls
 h - 2 scrolls of brand weapon
 l - 33 scrolls of remove curse
 p - 27 scrolls of identify
 t - 10 scrolls of amnesia
 v - 5 scrolls of fear
 z - 21 scrolls of teleportation
 B - a scroll of enchant armour
 D - 2 scrolls of summoning
 G - 12 scrolls of fog
 J - 4 scrolls of magic mapping
 S - 2 scrolls of holy word
 T - 7 scrolls of silence
 U - 7 scrolls of blinking
Potions
 e - 11 potions of heal wounds
 g - 2 potions of cancellation
 m - 21 potions of curing
 o - 7 potions of invisibility
 q - 4 potions of haste
 F - 9 potions of might
 I - 10 potions of ambrosia
 L - 7 potions of resistance
 Q - a potion of mutation
Miscellaneous
 n - 5 phantom mirrors
 x - a phial of floods
 V - a lightning rod (4/4)
Comestibles
 f - 35 rations


   Skills:
 O Level 27 Fighting
 + Level 25.0 Maces & Flails
 O Level 27 Armour
 O Level 27 Dodging
 - Level 15.0 Shields
 - Level 6.3 Spellcasting
 - Level 13.0 Charms
 - Level 10.0 Transmutations
 - Level 14.0 Air Magic
 - Level 9.0 Poison Magic
 O Level 27 Invocations
 - Level 14.0 Evocations


You had 27 spell levels left.
You knew the following spells:

 Your Spells              Type           Power        Failure   Level  Hunger
a - Alistair's Intoxicat  Tmut/Pois      ##......     21%         5    ######.
b - Deflect Missiles      Chrm/Air       ###.......   22%         6    #######

Your spell library contained the following spells:

 Spells                   Type           Power        Failure   Level  Hunger
 Beastly Appendage        Tmut           ##....       1%          1    #......
 Infusion                 Chrm           ###.         1%          1    #......
 Shock                    Conj/Air       ##..         1%          1    #......
 Poisonous Vapours        Pois/Air       ###...       1%          2    ###....
 Song of Slaying          Chrm           ###.....     1%          2    ###....
 Sticks to Snakes         Tmut           ##......     1%          2    ###....
 Swiftness                Chrm/Air       ###.....     1%          2    ###....
 Spider Form              Tmut/Pois      ##........   2%          3    ###....
 Corpse Rot               Necr/Air       N/A          3%          2    ###....
 Shroud of Golubria       Chrm/Tloc      #.....       3%          2    ###....
 Mephitic Cloud           Conj/Pois/Air  ##......     4%          3    ###....
 Static Discharge         Conj/Air       ##......     6%          3    ###....
 Passwall                 Tmut/Erth      #.......     7%          2    ###....
 Ignite Poison            Fire/Tmut/Pois #.......     8%          3    ###....
 Ozocubu's Armour         Chrm/Ice       #.......     8%          3    ###....
 Spectral Weapon          Hex/Chrm       #.......     8%          3    ###....
 Blade Hands              Tmut           ##........   16%         5    ######.
 Summon Lightning Spire   Summ/Air       ##......     21%         4    #####..
 Animate Skeleton         Necr           N/A          34%         1    #......
 Apportation              Tloc           #.....       34%         1    #......
 Corona                   Hex            #......      34%         1    #......
 Foxfire                  Conj/Fire      #...         34%         1    #......
 Freeze                   Ice            #...         34%         1    #......
 Magic Dart               Conj           #...         34%         1    #......
 Pain                     Necr           #...         34%         1    #......
 Sandblast                Erth           #.....       34%         1    #......
 Summon Butterflies       Summ           #.......     34%         1    #......
 Summon Small Mammal      Summ           #...         34%         1    #......
 Ice Form                 Ice/Tmut       #.......     41%         4    #####..
 Petrify                  Tmut/Erth      #.......     41%         4    #####..
 Call Imp                 Summ           #.......     47%         2    ###....
 Ensorcelled Hibernation  Hex/Ice        #.....       47%         2    ###....
 Searing Ray              Conj           #.....       47%         2    ###....
 Slow                     Hex            #.......     47%         2    ###....
 Sublimation of Blood     Necr           #.........   47%         2    ###....
 Lightning Bolt           Conj/Air       ##........   50%         5    ######.
 Silence                  Hex/Air        ##........   50%         5    ######.
 Excruciating Wounds      Chrm/Necr      #.........   56%         5    ######.
 Iskenderun's Battlesphe  Conj/Chrm      #.......     56%         5    ######.
 Hydra Form               Tmut           ##........   65%         6    #######
 Call Canine Familiar     Summ           #.......     71%         3    ###....
 Confusing Touch          Hex            #.......     71%         3    ###....
 Conjure Flame            Conj/Fire      #.......     71%         3    ###....
 Dazzling Flash           Conj/Hex       #.....       71%         3    ###....
 Frozen Ramparts          Ice            #.....       71%         3    ###....
 Gell's Gravitas          Tloc           #.........   71%         3    ###....
 Inner Flame              Hex/Fire       #.......     71%         3    ###....
 Lesser Beckoning         Tloc           #.........   71%         3    ###....
 Portal Projectile        Hex/Tloc       #.....       71%         3    ###....
 Recall                   Summ/Tloc      N/A          71%         3    ###....
 Stone Arrow              Conj/Erth      #.....       71%         3    ###....
 Summon Guardian Golem    Hex/Summ       #.......     71%         3    ###....
 Tukima's Dance           Hex            #.......     71%         3    ###....
 Vampiric Draining        Necr           #.........   71%         3    ###....
 Eringya's Noxious Bog    Tmut/Pois      ##........   73%         6    #######
 Irradiate                Conj/Tmut      #.........   77%         5    ######.
 Yara's Violent Unravell  Hex/Tmut       #.........   77%         5    ######.
 Conjure Ball Lightning   Conj/Air       ##........   97%         6    #######
 Animate Dead             Necr           N/A          98%         4    #####..
 Cause Fear               Hex            #.........   98%         4    #####..
 Dispel Undead            Necr           #.......     98%         4    #####..
 Fulminant Prism          Conj/Hex       #.........   98%         4    #####..
 Hailstorm                Conj/Ice       #.......     98%         4    #####..
 Iskenderun's Mystic Bla  Conj/Tloc      #.......     98%         4    #####..
 Leda's Liquefaction      Hex/Erth       #.........   98%         4    #####..
 Passage of Golubria      Tloc           N/A          98%         4    #####..
 Sticky Flame             Conj/Fire      #.......     98%         4    #####..
 Summon Ice Beast         Ice/Summ       #.......     98%         4    #####..
 Dragon Form              Tmut           ##........   99%         7    #######
 Agony                    Necr           #.......     100%        5    ######.
 Aura of Abjuration       Summ           #.........   100%        5    ######.
 Borgnjor's Vile Clutch   Necr/Erth      #.........   100%        5    ######.
 Fireball                 Conj/Fire      #.........   100%        5    ######.
 Lee's Rapid Deconstruct  Erth           #.........   100%        5    ######.
 Metabolic Englaciation   Hex/Ice        #.........   100%        5    ######.
 Summon Demon             Summ           #.........   100%        5    ######.
 Summon Forest            Summ/Tloc      #.........   100%        5    ######.
 Summon Mana Viper        Hex/Summ       #.......     100%        5    ######.
 Darkness                 Hex            #.........   100%        6    #######
 Death Channel            Necr           #.........   100%        6    #######
 Freezing Cloud           Conj/Ice/Air   #.........   100%        6    #######
 Invisibility             Hex            #.......     100%        6    #######
 Iron Shot                Conj/Erth      #.........   100%        6    #######
 Ozocubu's Refrigeration  Ice            #.........   100%        6    #######
 Shadow Creatures         Summ           N/A          100%        6    #######
 Simulacrum               Ice/Necr       #.........   100%        6    #######
 Starburst                Conj/Fire      #.........   100%        6    #######
 Statue Form              Tmut/Erth      #........    100%        6    #######
 Haunt                    Necr/Summ      #.........   100%        7    #######
 Orb of Destruction       Conj           #.........   100%        7    #######
 Ring of Flames           Chrm/Fire      #.........   100%        7    #######
 Spellforged Servitor     Conj/Summ      #.........   100%        7    #######
 Summon Hydra             Summ           #.........   100%        7    #######
 Borgnjor's Revivificati  Necr           #.........   100%        8    #######
 Death's Door             Chrm/Necr      #.........   100%        8    #######
 Discord                  Hex            #.........   100%        8    #######
 Ignition                 Fire           #.........   100%        8    #######
 Infestation              Necr           #.........   100%        8    #######
 Necromutation            Tmut/Necr      #.........   100%        8    #######
 Dragon's Call            Summ           #.........   100%        9    #######
 Shatter                  Erth           #.........   100%        9    #######
 Tornado                  Air            ###.......   100%        9    #######


Dungeon Overview and Level Annotations

Branches:
Dungeon (15/15)            Temple (1/1) D:4            Lair (6/6) D:10
 Shoals (4/4) Lair:4       Spider (4/4) Lair:4        Slime (5/5) Lair:5
    Orc (2/2) D:11            Elf (3/3) Orc:2        Vaults (5/5) D:13
  Crypt (3/3) Vaults:3       Tomb (2/3) Crypt:3      Depths (5/5) D:15
   Hell (visited)             Dis (0/7) Hell            Geh (7/7) Hell
    Coc (0/7) Hell            Tar (0/7) Hell            Zot (4/5) Depths:5
 WizLab (visited)

Altars:
Ashenzari
Cheibriados
Dithmenos
Elyvilon
Fedhas
Gozag
Hepliaklqana
Kikubaaqudgha
Makhleb
Nemelex Xobeh
Okawaru
Qazlal
Ru
Sif Muna
Trog
Uskayaw
Vehumet
Wu Jian
Xom
Yredelemnul
Zin
The Shining One
Beogh
Jiyva
Lugonu

Shops:
D:7 [   D:8 =   D:9 }   D:13 (?   Orc:1 !   Orc:2 =*:?   Shoals:4 :
Vaults:4 [   Depths:2 [*(   Depths:3 *

Portals:
Hell: Depths:1 Depths:2 Depths:3 Depths:4 Depths:5
Abyss: Depths:1 Depths:3 Depths:4 Depths:5
Pandemonium: Depths:1 Depths:3
Ziggurat: Depths:1

Annotations:
Lair:3 exclusion: 2 oklob plants
Tomb:2 Mennas
Zot:1 2 runed translucent doors, Moachet's ghost, legendary DrFE
Zot:4 3 runed translucent doors, Ynis's ghost, legendary MiBe


Innate Abilities, Weirdness & Mutations

You reflexively headbutt those who attack you in melee.
You have a pair of horns on your head.
Scrolls take you a little longer to read.
You are very clumsy. (Dex -4)
You are extremely frail. (-30% HP)
Your magical capacity is extremely low. (-30% MP)
You passively map a small area around you.
You occasionally shout uncontrollably at your foes.
Your muscles are strong. (Str +2)
You are occasionally teleported next to monsters.
Potions are less effective at restoring your health.


Message History

The death scarab bites you.
* * * LOW HITPOINT WARNING * * *
The death scarab drains your vigour!
You feel yourself slow down. You block the death scarab's attack.
The death scarab completely misses you. You furiously retaliate!
You headbutt the death scarab!
The mana viper disappears in a puff of smoke!
The death scarab fails to trigger a net trap.
You block the death scarab's attack. The death scarab closely misses you.
You furiously retaliate!
You headbutt the death scarab. The death scarab bites you!!
* * * LOW HITPOINT WARNING * * *
You block the death scarab's attack. The death scarab barely misses you.
You block the death scarab's attack. x2
The death scarab bites you but does no damage. x2
The death scarab bites you!!
* * * LOW HITPOINT WARNING * * *
The death scarab drains your vigour!
You feel as though you will be slow longer.
The death scarab bites you!!
You die...

.M33...###.,*,,,,*
M.3S.......,*^,,,*
..M........,######
###3#########....#
,,#...M..3W#.....#
,,#......WM#.....#
,^+.....MsMĀ§L....#
,^#......Z.#.z^sA#
,,#(.......#..Ls@#
**################


You could see a greater mummy, Mennas, an emperor scorpion, a revenant, a lich,
a soul eater, a guardian mummy, a freezing wraith, 2 death scarabs and a flying
skull.

Vanquished Creatures
  Cerebov (Pan)
  the Royal Jelly (Slime:5)
  Ignacio (Pan)
  Dissolution (Slime:4)
  Gloorx Vloq (Pan)
  Asmodeus (Geh:7)
  Lom Lobon (Pan)
  Mnoleg (Pan)
  An orb of fire (Zot:3)
  4 ancient liches
  Mara (Vaults:4)
  2 juggernauts (Depths:4)
  Sojobo (Vaults:4)
  3 greater mummies
  A curse toe (Zot:2)
  5 caustic shrikes
  6 golden dragons
  Geryon (Hell)
  11 pandemonium lords (Pan)
  4 profane servitors
  13 bone dragons
  An electric golem (Zot:2)
  22 Brimstone Fiends
  13 Hell Sentinels
  4 Tzitzimimeh (Pan)
  3 hellephants
  15 tentacled monstrosities
  6 Ice Fiends
  16 liches
  The ghost of GoodDemon3 the Bringer of Law, an adept GnAM of Zin (Vaults:4)
  14 titans
  7 deep elf blademasters
  A kraken (Shoals:2)
  Murray (Depths:1)
  8 quicksilver dragons
  25 acid blobs
  5 death cobs
  3 deep elf master archers
  38 tentacled starspawn
  10 sphinxes
  2 ancient champions
  35 Executioners
  The ghost of Onialej the Cleaver, an adept FoFi of Okawaru (Shoals:3)
  12 storm dragons
  11 shadow dragons
  8 tengu reavers
  The ghost of Lydajysemn the Peltast, an adept FoFi of Okawaru (D:15)
  4 daevas
  3 revenants
  2 draconian monks
  26 fire giants
  12 azure jellies
  4 iron dragons
  5 draconian knights
  16 frost giants
  24 vault wardens
  3 draconian scorchers
  Louise (Shoals:4)
  9 ghost moths
  5 curse skulls
  10 deep elf sorcerers
  11 deep elf elementalists
  20 cacodemons (Pan)
  47 balrugs
  7 draconian annihilators
  6 warmongers (Pan)
  4 emperor scorpions
  A juggernaut zombie (Crypt:2)
  3 draconian stormcallers
  12 ghouls
  23 very ugly things
  7 blood saints (Pan)
  An angel (Pan)
  20 reapers
  34 stone giants
  A spriggan defender (Depths:4)
  A stone giant (shapeshifter) (Vaults:4)
  23 ironheart preservers
  4 vampire knights
  2 ophanim
  2 green draconians
  2 war gargoyles
  7 white draconians
  13 lorocyprocas
  14 corrupters
  7 black suns (Pan)
  7 deep elf demonologists
  5 yellow draconians
  13 deep elf annihilators
  2 black draconians
  3 spark wasps (Depths:2)
  Azrael (Orc:1)
  24 purple draconians
  12 eidola
  2 red draconians (Depths:5)
  10 ettins
  14 death oozes
  28 blizzard demons
  8 mummy priests (Tomb:1)
  3 quicksilver dragon zombies
  Snorg (Lair:6)
  11 deep elf death magi
  9 statues (WizLab)
  28 green deaths
  8 jiangshi
  10 merfolk impalers
  6 deep elf high priests
  3 merfolk javelineers
  11 great orbs of eyes
  15 yaktaur captains
  8 fire dragons
  3 quicksilver dragon skeletons
  15 rakshasas
  34 vault guards
  8 centaur warriors
  15 ice dragons
  A catoblepas (Lair:6)
  7 hell beasts (Pan)
  5 hydras
  2 naga warriors (Abyss:4)
  6 spriggan air magi
  9 monstrous demonspawn (Pan)
  9 death knights
  A merfolk avatar (Shoals:2)
  4 death yaks
  7 merfolk aquamancers (Shoals:4)
  2 satyrs
  72 two-headed ogres
  22 dancing weapons
  3 tengu warriors
  27 ogre magi
  9 deep troll earth magi
  30 death scarabs
  10 deep troll shamans
  38 thrashing horrors
  The ghost of Nabital the Thaumaturge, a journeyman DEWz of Vehumet (D:11)
  A titan zombie (Geh:2)
  8 vampire magi
  34 hell hogs
  5 spriggan berserkers
  6 orc high priests
  43 soul eaters
  5 storm dragon zombies
  2 iron golems
  27 deep elf knights
  113 large abominations
  15 shadow wraiths
  6 iron trolls
  6 titan skeletons
  A fire crab (shapeshifter) (Depths:3)
  11 spatial maelstroms
  4 golden dragon zombies
  33 skeletal warriors
  2 storm dragon skeletons
  65 sun demons
  21 hell knights
  30 wretched stars
  An entropy weaver zombie (Crypt:1)
  An anaconda zombie (Hell)
  39 deep trolls
  8 sea snakes
  29 sixfirhies
  A sea snake (shapeshifter) (Depths:4)
  A cherub (Pan)
  2 ghost moth zombies
  17 deep elf archers
  A kraken simulacrum (Shoals:4)
  15 infernal demonspawn (Pan)
  10 flayed ghosts
  11 unseen horrors
  An unseen horror (shapeshifter) (Vaults:1)
  13 shadow demons (Pan)
  6 wizards
  6 shadow dragon zombies
  A swamp dragon (Lair:6)
  8 glowing orange brains
  22 ironbrand convokers
  2 golden dragon skeletons
  20 harpies
  A tengu zombie (Vaults:1)
  10 gelid demonspawn (Pan)
  3 wolf spider zombies
  4 anaconda skeletons
  11 torturous demonspawn (Pan)
  19 phantasmal warriors
  14 orb spiders
  32 orc knights
  31 wolf spiders
  A shadow dragon skeleton (Geh:2)
  18 necromancers
  116 deep elf magi
  55 ugly things
  An oklob plant (Shoals:3)
  10 worldbinders
  5 stone giant zombies
  27 fauns
  3 frost giant zombies
  11 shining eyes
  16 cyclopes
  A cyclops (shapeshifter) (Depths:5)
  17 manticores
  A sphinx skeleton (Vaults:1)
  4 iron dragon zombies
  A mana viper (Abyss:3)
  A faun (shapeshifter) (Vaults:5)
  6 orc sorcerers
  A salamander (shapeshifter) (Vaults:1)
  3 iron dragon skeletons
  3 black mambas
  15 moths of wrath
  3 shock serpent zombies
  6 elephants
  5 fire giant zombies
  11 merfolk sirens
  5 frost giant skeletons
  2 stone giant skeletons
  16 vault sentinels
  5 guardian serpents
  21 molten gargoyles
  3 eyes of devastation
  4 fire giant skeletons
  10 rust devils
  2 black mambas (shapeshifter)
  8 water nymphs
  2 ice statues (Hell)
  9 naga magi
  Joseph (D:10)
  84 smoke demons
  4 dire elephant zombies
  7 apocalypse crabs
  3 torpor snails
  27 orange demons
  9 spiny frogs
  4 dire elephant skeletons
  Maggie (D:10)
  2 catoblepas zombies
  2 rime drakes
  An orc skeleton (Vaults:1)
  A gargoyle (D:15)
  29 hellions
  4 centaur skeletons
  An emperor scorpion zombie (Crypt:3)
  3 shock serpent skeletons
  A kobold demonologist (Abyss:3)
  14 freezing wraiths
  7 komodo dragons
  26 tormentors
  16 efreet
  A yaktaur (shapeshifter) (Depths:4)
  6 hydra zombies
  17 demonic crawlers
  A harpy zombie (Geh:4)
  14 hellwings
  A komodo dragon (shapeshifter) (Abyss:4)
  34 yaktaurs
  10 ice devils
  2 jumping spiders (shapeshifter)
  The ghost of pokeman the Magician, a novice DEWz (D:5)
  4 tengu conjurers
  26 ancient zymes
  A meliai (shapeshifter) (Depths:4)
  3 trolls (shapeshifter)
  A catoblepas skeleton (Geh:1)
  60 red devils
  27 jumping spiders
  A silent spectre (Abyss:3)
  26 merfolk
  7 trolls
  A wolf spider simulacrum (Abyss:4)
  6 guardian mummies (Tomb:1)
  2 queen bees
  6 wind drakes
  17 hornets
  11 polar bears
  2 harpy skeletons
  13 hippogriffs
  12 dream sheep
  2 bog bodies (Crypt:2)
  165 slime creatures
  Prince Ribbit (D:6)
  2 alligator zombies (Hell)
  2 fire giant simulacra
  14 snapping turtles
  3 hydra skeletons
  4 fire dragon zombies
  3 ice dragon zombies
  73 raiju
  2 shadow dragon simulacra
  A snapping turtle (shapeshifter) (Elf:3)
  2 frost giant simulacra
  27 blink frogs
  4 ettin zombies
  31 water elementals
  4 spriggans
  52 flying skulls
  2 black mamba zombies
  2 redbacks (shapeshifter)
  6 wyverns
  25 wraiths
  58 ynoxinuls
  4 ushabtiu
  A black mamba skeleton (Hell)
  4 fire dragon skeletons
  19 shadows
  2 air elementals
  67 redbacks
  42 tarantellas
  Eustachio (D:5)
  7 ice dragon skeletons
  A hog (shapeshifter) (Abyss:3)
  15 fire bats
  9 yaks
  2 vampires
  An alligator skeleton (Geh:4)
  4 ettin skeletons
  39 fire elementals
  33 golden eyes
  A dire elephant simulacrum (Abyss:3)
  16 humans
  A steam dragon (shapeshifter) (Vaults:5)
  An elf skeleton (Vaults:4)
  5 basilisks
  3 steam dragons (Lair:6)
  39 chaos spawn
  42 neqoxecs
  A yaktaur simulacrum (Vaults:4)
  3 hungry ghosts
  2 nagas (Abyss:4)
  A deep troll zombie (Vaults:1)
  12 wargs
  10 water moccasins
  An ogre zombie (Vaults:1)
  An orb spider zombie (Crypt:1)
  A two-headed ogre zombie (Crypt:2)
  5 spatial vortices
  A swamp worm (shapeshifter) (Depths:1)
  2 acid dragons (Lair:6)
  2 insubstantial wisps (Abyss:3)
  2 ogre skeletons
  4 spiny frog zombies
  A deep troll skeleton (Crypt:1)
  56 hell hounds
  A merfolk skeleton (Geh:6)
  4 floating eyes
  11 porcupines
  5 snapping turtle zombies
  49 orc warriors
  A hornet zombie (D:15)
  An ogre (shapeshifter) (Abyss:3)
  A spiny frog skeleton (Geh:7)
  3 ice beasts
  8 phantoms
  20 necrophages
  2 swamp dragon zombies
  108 starcursed masses
  2 tengu (shapeshifter)
  An ice beast (shapeshifter) (Abyss:3)
  11 eyes of draining
  12 black bears
  3 sky beasts
  60 ogres
  30 wolves
  A boggart (shapeshifter) (Vaults:4)
  12 boggarts
  21 centaurs
  5 snapping turtle skeletons
  4 human zombies
  9 human skeletons
  11 crocodiles
  2 big kobolds
  15 bullfrogs
  A glowing shapeshifter simulacrum (Vaults:1)
  The ghost of krigyl the Grasshopper, an amateur FeWr of Dithmenos (D:4)
  An ogre simulacrum (Vaults:1)
  2 water moccasin zombies
  66 small abominations
  8 wyvern skeletons
  4 scorpions
  46 killer bees
  A yak zombie (Crypt:1)
  A raiju zombie (Crypt:1)
  37 wights
  A raiju skeleton (Crypt:1)
  An electric eel (D:14)
  A spriggan skeleton (Crypt:1)
  An electric eel (shapeshifter) (Depths:2)
  3 howler monkeys
  24 crimson imps
  3 human simulacra
  A quasit (Abyss:2)
  An elf simulacrum (Tomb:1)
  11 iron imps
  31 orc priests
  2 bullfrog skeletons
  8 centaur zombies
  6 hounds
  9 jellies
  25 orc wizards
  2 iguanas
  6 worker ants
  13 hell rats
  Ijyb (D:3)
  A centaur simulacrum (D:4)
  A naga zombie (Hell)
  A bullfrog simulacrum (D:4)
  A naga skeleton (Geh:2)
  2 hound zombies (D:6)
  A hound skeleton (D:5)
  27 mummies
  3 gnolls (D:10)
  9 adders
  A steam dragon zombie (Crypt:1)
  4 shadow imps
  15 white imps
  2 worker ant simulacra (D:4)
  8 ufetubi
  An iguana zombie (Crypt:2)
  3 adder zombies
  3 worms
  2 dart slugs
  5 leopard geckos
  129 orcs
  3 giant cockroaches
  9 goblins
  7 hobgoblins
  2 jackals (D:3)
  6 quokkas
  2 ball pythons
  11 bats
  2 frilled lizards (D:2)
  2 jackal skeletons
  19 kobolds
  A kobold skeleton (Geh:1)
  A leopard gecko zombie (D:6)
  A quokka skeleton (D:8)
  2 quokka zombies (D:6)
  14 rats
  A butterfly (D:4)
  2 crawling corpses (Elf:3)
  A fungus (Lair:3)
  4 lurking horrors
  24 plants
  25 starspawn tentacles
  4 tentacles (Shoals:2)
  3 withered plants (Crypt:3)
5113 creatures vanquished.

Vanquished Creatures (others)
  An eldritch tentacle (Pan)
  2 deep elf master archers
  2 vault wardens (Vaults:5)
  A blood saint (Pan)
  Nessos (D:13)
  3 blizzard demons
  A deep elf death mage (Vaults:5)
  2 yaktaur captains
  A satyr (Shoals:3)
  2 centaur warriors
  3 hell hogs
  An ogre mage (Vaults:3)
  A thrashing horror (Abyss:4)
  2 deep elf knights
  2 wizards (Pan)
  2 deep elf archers
  A manticore (Shoals:2)
  2 fauns
  3 large abominations
  A cyclops (Shoals:1)
  An apocalypse crab (Abyss:3)
  A tormentor (Pan)
  19 yaktaurs
  A hornet (shapeshifter) (Vaults:5)
  A raiju (Abyss:3)
  5 small abominations
  2 shadows
  2 ynoxinuls (Pan)
  A fire elemental (Geh:5)
  A fire bat (Abyss:3)
  A golden eye (Abyss:3)
  A spatial vortex (Abyss:3)
  3 orc warriors
  A necrophage (Geh:6)
  11 centaurs
  A wyvern skeleton (Crypt:3)
  2 starcursed masses (Abyss:4)
  3 crimson imps
  4 white imps
  An orc (Vaults:4)
  9 fungi
  6 lurking horrors
  25 plants
  74 starspawn tentacles
  18 tentacles
  8 withered plants (Crypt:3)
236 creatures vanquished.

Grand Total: 5349 creatures vanquished

Notes
Turn   | Place    | Note
-------+----------+-------------------------------------------
     0 | D:1      | Econoterrorist the Minotaur Fighter began the quest for the
                  | Orb.
     0 | D:1      | Reached XP level 1. HP: 19/19 MP: 0/0
     2 | D:1      | Noticed a demonspawn
     2 | D:1      | Noticed a tengu
     4 | D:1      | Noticed a naga
     6 | D:1      | Noticed a felid
     6 | D:1      | Noticed a demigod
     8 | D:1      | Noticed an octopode
     8 | D:1      | Noticed a dwarf
    10 | D:1      | Noticed an ogre
    10 | D:1      | Noticed a centaur
    12 | D:1      | Noticed a human
    12 | D:1      | Noticed an elf
    14 | D:1      | Noticed a halfling
    14 | D:1      | Noticed a draconian
    16 | D:1      | Noticed a ghoul
    16 | D:1      | Noticed a merfolk
    18 | D:1      | Noticed a minotaur
    18 | D:1      | Noticed a vine stalker
    20 | D:1      | Noticed a gargoyle
    20 | D:1      | Noticed a formicid
    22 | D:1      | Noticed a spriggan
    22 | D:1      | Noticed a vampire
    24 | D:1      | Noticed a troll
    88 | D:1      | Reached XP level 2. HP: 19/26 MP: 1/1
   778 | D:2      | Reached XP level 3. HP: 27/31 MP: 2/2
  1292 | D:2      | Reached skill level 5 in Maces & Flails
  1386 | D:2      | Found a glowing golden altar of the Shining One.
  1780 | D:3      | Noticed Ijyb
  1791 | D:3      | Killed Ijyb
  1791 | D:3      | Reached XP level 4. HP: 35/39 MP: 3/3
  1907 | D:3      | Reached XP level 5. HP: 29/45 MP: 4/4
  2326 | D:3      | Found a shimmering altar of Xom.
  2383 | D:3      | Found a sacrificial altar of Ru.
  2385 | D:3      | Found a radiant altar of Vehumet.
  2855 | D:4      | Reached XP level 6. HP: 51/51 MP: 5/5
  3025 | D:4      | Found a staircase to the Ecumenical Temple.
  3030 | Temple   | Entered the Ecumenical Temple
  3037 | Temple   | Became a worshipper of Warmaster Okawaru
  3059 | D:4      | Found a runed translucent gate.
  3060 | D:4      | Found a runed translucent gate.
  3065 | D:4      | Found a runed translucent gate.
  3708 | D:4      | Noticed krigyl's ghost (amateur FeWr)
  3744 | D:4      | Noticed an ice beast
  4237 | D:4      | Reached XP level 7. HP: 60/60 MP: 6/6
  4287 | D:4      | Killed krigyl's ghost
  4601 | D:5      | Entered Level 5 of the Dungeon
  4663 | D:5      | Noticed Eustachio
  4675 | D:5      | Killed Eustachio
  4675 | D:5      | Reached * piety under Okawaru
  4675 | D:5      | Reached skill level 5 in Fighting
  4675 | D:5      | Reached skill level 5 in Armour
  4675 | D:5      | Reached skill level 5 in Shields
  4813 | D:5      | Found a runed translucent gate.
  4813 | D:5      | Noticed pokeman's ghost (novice DEWz)
  4820 | D:5      | Found a runed translucent gate.
  4820 | D:5      | Found a runed translucent gate.
  4826 | D:5      | Found a roughly hewn altar of Beogh.
  4867 | D:5      | Reached XP level 8. HP: 69/69 MP: 7/7
  5086 | D:5      | Found an ornate altar of the Wu Jian Council.
  5588 | D:5      | Killed pokeman's ghost
  5588 | D:5      | Reached ** piety under Okawaru
  5716 | D:5      | Identified a +2 pair of boots of running (You found it on
                  | level 5 of the Dungeon)
  5734 | D:6      | Noticed a six-headed hydra
  5745 | D:6      | Killed a six-headed hydra
  5745 | D:6      | Reached skill level 10 in Maces & Flails
  5745 | D:6      | Reached XP level 9. HP: 41/79 MP: 5/8
  5954 | D:6      | Noticed Prince Ribbit
  6018 | D:6      | Found a burning altar of Makhleb.
  6107 | D:6      | Killed Prince Ribbit
  6410 | D:6      | Reached *** piety under Okawaru
  6513 | D:6      | Got an iridescent flail
  6515 | D:6      | Identified the +6 flail of the Maze {vorpal, Str+2} (You
                  | found it on level 6 of the Dungeon)
  7030 | D:7      | Found Bosan's Antique Armour Boutique.
  7248 | D:7      | Reached XP level 10. HP: 86/90 MP: 9/9
  7570 | D:8      | Reached **** piety under Okawaru
  7675 | D:8      | Found an opulent altar of Gozag.
  7676 | D:8      | Found a glowing silver altar of Zin.
  7711 | D:8      | Found Wumedel's Jewellery Boutique.
  7991 | D:8      | Found a shadowy altar of Dithmenos.
  8866 | D:9      | Reached ***** piety under Okawaru
  8898 | D:9      | Reached skill level 1 in Invocations
  8914 | D:9      | Found a bloodstained altar of Trog.
  8944 | D:9      | Found Cuitai's Gadget Shoppe.
  9162 | D:10     | Entered Level 10 of the Dungeon
  9293 | D:10     | Noticed Maggie
  9303 | D:10     | Killed Maggie
  9474 | D:10     | Noticed Joseph
  9491 | D:10     | Killed Joseph
  9491 | D:10     | Reached skill level 5 in Invocations
  9604 | D:10     | Found a staircase to the Lair.
  9823 | D:11     | Noticed a purple ugly thing
  9849 | D:11     | Killed a purple ugly thing
  9849 | D:11     | Reached XP level 11. HP: 65/97 MP: 14/14
  9874 | D:11     | Received a gift from Okawaru
 10203 | D:11     | Killed an unseen horror
 10515 | D:11     | Noticed a red ugly thing
 10550 | D:11     | Killed a red ugly thing
 10788 | D:11     | Found a runed translucent door.
 10794 | D:11     | Noticed Nabital's ghost (journeyman DEWz)
 10955 | D:11     | Found a staircase to the Orcish Mines.
 11172 | D:12     | Received a gift from Okawaru
 11225 | D:12     | Killed an unseen horror
 12154 | D:13     | Found a gate to the Vaults.
 12154 | D:13     | Noticed a two-headed ogre
 12154 | D:13     | Noticed a brown ugly thing
 12154 | D:13     | Noticed an orc knight
 12154 | D:13     | Noticed Nessos
 12155 | D:13     | Noticed a two-headed ogre
 12276 | Lair:1   | Entered Level 1 of the Lair of Beasts
 12874 | Lair:1   | Reached skill level 10 in Armour
 13024 | Lair:1   | Reached skill level 10 in Fighting
 13024 | Lair:1   | Reached skill level 10 in Shields
 13220 | Lair:1   | Reached skill level 1 in Dodging
 13233 | Lair:1   | Reached ****** piety under Okawaru
 13250 | Lair:1   | Received a gift from Okawaru
 13631 | Lair:1   | Reached XP level 12. HP: 107/107 MP: 16/16
 15149 | Lair:3   | Reached skill level 15 in Maces & Flails
 15976 | Lair:4   | Noticed a seven-headed hydra
 15984 | Lair:4   | Killed a seven-headed hydra
 16105 | Lair:4   | Received a gift from Okawaru
 16652 | Lair:4   | Found a hole to the Spider Nest.
 16835 | Lair:4   | Found a staircase to the Shoals.
 17147 | Lair:4   | Reached XP level 13. HP: 116/116 MP: 17/17
 17270 | Lair:4   | You fall into a shaft and drop 1 floor!
 17585 | Lair:4   | Received a gift from Okawaru
 17586 | Lair:4   | Found the +15 Maxwell's patent armour {-Cast -Tele rElec
                  | MR+ rCorr}
 17913 | Lair:5   | Reached XP level 14. HP: 123/124 MP: 18/18
 18732 | Lair:5   | Found a sparkling altar of Nemelex Xobeh.
 19002 | Lair:5   | Found a staircase to the Slime Pits.
 19411 | Lair:6   | Entered Level 6 of the Lair of Beasts
 19464 | Lair:6   | Noticed Snorg
 19486 | Lair:6   | Killed Snorg
 19697 | Lair:5   | Reached skill level 10 in Dodging
 20508 | Lair:6   | Received a gift from Okawaru
 21944 | D:11     | Killed Nabital's ghost
 21996 | Orc:1    | Entered Level 1 of the Orcish Mines
 21996 | Orc:1    | Found Axoro's Distillery.
 22197 | Orc:1    | Bought a potion of heal wounds for 65 gold pieces
 22860 | Orc:2    | Entered Level 2 of the Orcish Mines
 23094 | Orc:1    | Reached XP level 15. HP: 124/136 MP: 19/19
 23190 | Orc:2    | Noticed Azrael
 23253 | Orc:1    | Killed Azrael
 23354 | Orc:2    | Received a gift from Okawaru
 24174 | Orc:2    | Found Kuvyw's Jewellery Shoppe.
 24177 | Orc:2    | Found Hanenela's Book Shoppe.
 24178 | Orc:2    | Found Qouhuthra's Magic Scroll Shoppe.
 24179 | Orc:2    | Found Usyen's Assorted Antiques.
 24195 | Orc:2    | Bought an uncursed ring of see invisible for 210 gold
                  | pieces
 24201 | Orc:2    | Bought a manual of Evocations for 1324 gold pieces
 24544 | Orc:2    | Found a staircase to the Elven Halls.
 24995 | D:13     | You fall into a shaft and drop 2 floors!
 24995 | D:15     | Entered Level 15 of the Dungeon
 25596 | D:14     | Reached skill level 15 in Shields
 25904 | D:13     | Received a gift from Okawaru
 25960 | D:13     | Killed Nessos
 25960 | D:13     | Reached skill level 5 in Evocations
 26395 | D:13     | Found Zusuteass's Magic Scroll Shop.
 26461 | D:13     | Found Eschic's Antique Weapon Boutique.
 26731 | D:13     | Identified the Papyrus of Lightness
 26790 | D:13     | Identified Sif Muna's Incunabulum of the Poisonous Rocks
 26801 | D:13     | Found a shimmering blue altar of Sif Muna.
 26862 | D:13     | Noticed a deep elf sorcerer
 26887 | D:13     | Killed a deep elf sorcerer
 27141 | D:13     | Reached skill level 10 in Evocations
 27296 | D:13     | Identified the Grimoire of Fire and the Frostbite
 27298 | D:13     | Identified the Papyrus of Flight and Stolen Souls
 27577 | D:14     | Reached XP level 16. HP: 128/146 MP: 22/22
 27587 | D:14     | Received a gift from Okawaru
 27915 | D:15     | Found a staircase to the Depths.
 27973 | D:15     | Found a runed translucent gate.
 27973 | D:15     | Found a runed translucent gate.
 27973 | D:15     | Found an opulent altar of Gozag.
 27974 | D:15     | Found a runed translucent gate.
 27985 | D:15     | Noticed Lydajysemn's ghost (adept FoFi)
 27985 | D:15     | Noticed a storm dragon
 28559 | Spider:1 | Entered Level 1 of the Spider Nest
 28709 | Spider:1 | Reached skill level 15 in Fighting
 30055 | Spider:2 | Reached skill level 15 in Armour
 30822 | Spider:3 | Received a gift from Okawaru
 32061 | Spider:4 | Entered Level 4 of the Spider Nest
 32405 | Spider:4 | Received a gift from Okawaru
 32460 | Spider:4 | Got a distressingly furry hat {god gift}
 32585 | Spider:4 | Reached XP level 17. HP: 105/158 MP: 0/23
 32591 | Spider:4 | Identified the +2 hat of Nojetag {rElec rC+} (Okawaru
                  | gifted it to you on level 4 of the Spider Nest)
 34346 | Spider:4 | Got a gossamer rune of Zot
 34648 | Shoals:1 | Entered Level 1 of the Shoals
 35478 | Shoals:1 | Received a gift from Okawaru
 35978 | Shoals:2 | Noticed a kraken
 36009 | Shoals:2 | Killed a kraken
 36327 | Shoals:2 | Identified the +10 halberd "Zipn" {venom, Str+5 Dex-2}
 36339 | Shoals:2 | Received a gift from Okawaru
 37410 | Shoals:3 | Reached XP level 18. HP: 151/171 MP: 24/24
 37500 | Shoals:3 | Found an opulent altar of Gozag.
 37510 | Shoals:3 | Received a gift from Okawaru
 37513 | Shoals:3 | Got a translucent demon whip {god gift}
 37514 | Shoals:3 | Identified the +1 demon whip "Dragon's Demise" {vorpal,
                  | Str+4} (Okawaru gifted it to you on level 3 of the Shoals)
 37803 | Shoals:3 | Found a large runed translucent door.
 37803 | Shoals:3 | Found a large runed translucent door.
 37805 | Shoals:3 | Noticed Onialej's ghost (adept FoFi)
 37827 | Shoals:3 | Killed Onialej's ghost
 38017 | Shoals:4 | Entered Level 4 of the Shoals
 38312 | Shoals:4 | Received a gift from Okawaru
 38406 | Shoals:4 | Got a barnacled rune of Zot
 38679 | Shoals:4 | Noticed Louise
 38934 | Shoals:4 | Killed Louise
 38934 | Shoals:4 | Reached skill level 15 in Dodging
 38939 | Shoals:4 | Found Lotiomnyj's Book Emporium.
 39488 | Shoals:4 | Found the +12 Vampire's Tooth {vamp}
 39518 | Shoals:4 | Got a flickering amethyst amulet
 39519 | Shoals:4 | Identified the amulet of the Lonely Realms {+Rage rF+} (You
                  | found it on level 4 of the Shoals)
 39870 | Vaults:1 | Entered Level 1 of the Vaults
 40533 | Vaults:1 | Received a gift from Okawaru
 40798 | Vaults:1 | Found a shattered altar of Ashenzari.
 41234 | Vaults:1 | Reached XP level 19. HP: 98/181 MP: 26/26
 42170 | Vaults:1 | Received a gift from Okawaru
 43995 | Vaults:2 | Received a gift from Okawaru
 45103 | Vaults:2 | You fall into a shaft and drop 2 floors!
 45260 | Vaults:4 | Reached XP level 20. HP: 174/191 MP: 29/29
 45608 | Vaults:3 | Found a staircase to the Crypt.
 45693 | Vaults:3 | Received a gift from Okawaru
 47617 | Vaults:3 | Received a gift from Okawaru
 48427 | Vaults:4 | Identified the +10 hand crossbow "Dyli" {vorpal, *Slow
                  | rElec rC+ rN+}
 48427 | Vaults:4 | Identified the ring "Jaesef" {rPois MP+9 Int-4 Dex+5}
 49964 | Vaults:4 | Reached XP level 21. HP: 197/202 MP: 30/30
 49999 | Vaults:4 | Reached skill level 1 in Spellcasting
 50016 | Vaults:4 | Learned a level 5 spell: Alistair's Intoxication
 50192 | Vaults:4 | Noticed GoodDemon3's ghost (adept GnAM)
 50197 | Vaults:4 | Found a runed translucent gate.
 50197 | Vaults:4 | Found a runed translucent gate.
 50197 | Vaults:4 | Found a runed translucent gate.
 50279 | Vaults:4 | Found Qoyd's Armour Shop.
 50303 | Vaults:4 | Reached skill level 1 in Transmutations
 50303 | Vaults:4 | Reached skill level 1 in Poison Magic
 50972 | Elf:1    | Entered Level 1 of the Elven Halls
 50985 | Elf:1    | Received a gift from Okawaru
 51001 | Elf:1    | Got encrusted storm dragon scales {god gift}
 51002 | Elf:1    | Identified the +0 storm dragon scales of Indecent Exposure
                  | {rElec rC+ Int+4} (Okawaru gifted it to you on level 1 of
                  | the Elven Halls)
 51053 | Orc:1    | Found a roughly hewn altar of Beogh.
 51958 | Elf:1    | Identified the Compendium of Creation
 52379 | Elf:1    | Reached skill level 5 in Transmutations
 52547 | Elf:2    | Upgraded the game from 0.25-a0-782-g655279c to
                  | 0.25-a0-785-gb22c70e
 52624 | Elf:2    | Reached skill level 5 in Poison Magic
 53023 | Elf:2    | Found a runed translucent gate.
 53023 | Elf:2    | Found a runed translucent gate.
 53023 | Elf:2    | Found a runed translucent gate.
 53975 | Elf:2    | Received a gift from Okawaru
 54106 | Elf:3    | Entered Level 3 of the Elven Halls
 54988 | Elf:3    | Reached XP level 22. HP: 205/211 MP: 31/31
 55091 | Elf:3    | Cast into level 2 of the Abyss (a deep elf demonologist)
 55118 | Elf:3    | Escaped the Abyss
 55141 | Elf:3    | Identified the +11 trident of Siadocro {freeze, rC+ Str+7}
 55153 | Elf:3    | Cast into level 2 of the Abyss (a deep elf demonologist)
 55892 | Elf:3    | Escaped the Abyss
 55899 | Elf:3    | Identified the +8 whip of the Iron City of Dis {vorpal,
                  | Str+5}
 56297 | Elf:3    | Received a gift from Okawaru
 56297 | Elf:3    | Reached skill level 5 in Spellcasting
 57180 | Elf:3    | Identified the Collected Works on Floating Execration
 57188 | Elf:3    | Identified the Volume of Supportive Necromancy
 57490 | Depths:1 | Entered Level 1 of the Depths
 57494 | Depths:1 | Found a gateway to a ziggurat.
 58174 | Depths:1 | Found a one-way gate leading to the halls of Pandemonium.
 58461 | Depths:1 | Found a gateway to Hell.
 58574 | Depths:1 | Found a one-way gate to the infinite horrors of the Abyss.
 60062 | Depths:2 | Received a gift from Okawaru
 60106 | Depths:2 | Found Gozag's Antique Weapon Shop.
 60189 | Depths:2 | Found an opulent altar of Gozag.
 60189 | Depths:2 | Found Gozag's Assorted Antiques.
 60189 | Depths:2 | Noticed a golden dragon
 60232 | Depths:2 | Found Gozag's Antique Armour Boutique.
 60436 | Depths:2 | Killed a golden dragon
 60611 | Depths:2 | Reached skill level 10 in Transmutations
 60611 | Depths:2 | Reached XP level 23. HP: 191/217 MP: 32/32
 61544 | Depths:3 | Received a gift from Okawaru
 61566 | Depths:3 | Found a transporter.
 61568 | Depths:3 | Found a transporter.
 61607 | Depths:3 | Paralysed by a floating eye for 2 turns
 62029 | Depths:3 | Got a pitted glass ring
 62044 | Depths:3 | Got a pitted golden amulet
 62057 | Depths:3 | Identified the ring "Saomywue" {rElec MR+ MP+9 Int-2} (You
                  | found it on level 3 of the Depths)
 62058 | Depths:3 | Identified the amulet of Spite {RegenMP Dex+2 Slay+3 SInv
                  | Stlth-} (You found it on level 3 of the Depths)
 62257 | Depths:3 | Found Vomeumili's Assorted Antiques.
 63663 | Depths:3 | Identified the +7 great sword "Keymaebo" {drain, MR++ MP+9
                  | Int+2}
 65363 | Depths:4 | Received a gift from Okawaru
 65366 | Depths:4 | Got a pair of slimy boots {god gift}
 65367 | Depths:4 | Identified the +1 pair of boots of Noughts and Crosses
                  | {rPois} (Okawaru gifted it to you on level 4 of the Depths)
 66147 | Depths:4 | Noticed a caustic shrike
 66172 | Depths:4 | Killed a caustic shrike
 66476 | Depths:4 | Noticed a caustic shrike
 66823 | Depths:4 | Found a runed translucent door.
 67064 | Depths:4 | Noticed a juggernaut
 67086 | Depths:4 | Killed a juggernaut
 67123 | Depths:4 | Killed a caustic shrike
 67123 | Depths:4 | Reached XP level 24. HP: 214/231 MP: 32/32
 67509 | Depths:4 | Noticed a juggernaut
 67530 | Depths:4 | Killed a juggernaut
 67604 | Depths:4 | Identified the ring "Zosask" {Str+6 Stlth+}
 67859 | Depths:4 | Identified Guimm's Collected Works on Cankerous Clay
 67957 | Depths:4 | Identified the Papyrus of Congealing Enhancements
 68175 | Depths:5 | Entered Level 5 of the Depths
 68268 | Depths:5 | Received a gift from Okawaru
 69462 | Depths:5 | Received a gift from Okawaru
 69630 | Depths:5 | Found a gate to the Realm of Zot.
 69777 | Depths:5 | Found a corrupted altar of Lugonu.
 70173 | Vaults:5 | Entered Level 5 of the Vaults
 70276 | Vaults:4 | Received a gift from Okawaru
 70307 | Vaults:4 | Got a translucent morningstar {god gift}
 70308 | Vaults:4 | Identified the +2 morningstar "Wusheot" {freeze, rElec}
                  | (Okawaru gifted it to you on level 4 of the Vaults)
 71068 | Vaults:4 | Killed GoodDemon3's ghost
 71068 | Vaults:4 | Reached XP level 25. HP: 202/243 MP: 32/32
 71161 | Vaults:4 | Reached XP level 26. HP: 254/254 MP: 32/32
 71555 | Vaults:4 | Paralysed by a sphinx for 6 turns
 72240 | Vaults:5 | Cast into level 4 of the Abyss (a deep elf sorcerer)
 72357 | Abyss:4  | Paralysed by accursed screaming for 2 turns
 72367 | Abyss:4  | Paralysed by accursed screaming for 2 turns
 72409 | Abyss:4  | Received a gift from Okawaru
 72784 | Vaults:5 | Escaped the Abyss
 72787 | Vaults:5 | Noticed Mara
 72793 | Vaults:5 | Noticed an ancient lich
 72800 | Vaults:5 | Killed an ancient lich
 72992 | Vaults:5 | Received a gift from Okawaru
 73201 | Vaults:5 | Noticed Econoterrorist's illusion
 73832 | Vaults:4 | Received a gift from Okawaru
 74047 | Vaults:4 | Got a twisted chain mail {god gift}
 74048 | Vaults:4 | Identified the +1 chain mail of the Snake Pit {rPois rC+
                  | MP+9 Int-5} (Okawaru gifted it to you on level 4 of the
                  | Vaults)
 74660 | Vaults:5 | Noticed Sojobo
 75104 | Vaults:4 | Killed Sojobo
 75363 | Vaults:5 | Noticed Econoterrorist's illusion
 75513 | Vaults:5 | Noticed Econoterrorist's illusion
 75854 | Vaults:5 | Noticed Econoterrorist's illusion
 76102 | Vaults:5 | Noticed Econoterrorist's illusion
 76308 | Vaults:5 | Noticed Econoterrorist's illusion
 76509 | Vaults:5 | Noticed Econoterrorist's illusion
 76657 | Vaults:4 | Noticed Econoterrorist's illusion
 76670 | Vaults:4 | Killed Mara
 76670 | Vaults:4 | Reached XP level 27. HP: 231/266 MP: 32/32
 76878 | Vaults:5 | Got a silver rune of Zot
 77809 | D:2      | Fell from the grace of Okawaru
 77809 | D:2      | Became a worshipper of the Shining One
 78167 | Crypt:1  | Entered Level 1 of the Crypt
 78299 | Crypt:1  | Reached * piety under the Shining One
 78394 | Crypt:1  | Reached ** piety under the Shining One
 78490 | Crypt:1  | Reached *** piety under the Shining One
 78548 | Crypt:1  | Found a magical portal.
 80197 | WizLab   | Identified Iskenderun's Disquisition on Battle Magic
 80197 | WizLab   | Identified Iskenderun's Almanac of Battle Magic
 80802 | Crypt:2  | Reached **** piety under the Shining One
 80865 | Crypt:1  | HP: 12/268 [jiangshi[a vampire mage] (14)]
 81139 | Crypt:2  | Reached ***** piety under the Shining One
 81495 | Crypt:3  | Entered Level 3 of the Crypt
 81756 | Crypt:3  | Paralysed by a lich for 7 turns
 81768 | Crypt:3  | Got an ancient garnet amulet
 81768 | Crypt:3  | Got a sparkling amber ring
 81780 | Crypt:3  | Identified the amulet "Reatutie" {rF+ rC+ Regen+ Dex+4}
                  | (You found it on level 3 of the Crypt)
 81782 | Crypt:3  | Identified the ring "Iloliamu" {rPois rF+ rN+ Int-4 Dex+2}
                  | (You found it on level 3 of the Crypt)
 81787 | Crypt:3  | Got a warped lapis lazuli ring
 81788 | Crypt:3  | Identified the ring "Wyoti" {rN+ MP+9 Str+3} (You found it
                  | on level 3 of the Crypt)
 81927 | Crypt:3  | Reached ****** piety under the Shining One
 82319 | Crypt:3  | Found a staircase to the Tomb.
 82319 | Crypt:3  | Noticed a greater mummy
 82338 | Crypt:3  | Killed a greater mummy
 82607 | Crypt:3  | Found a basalt altar of Yredelemnul.
 82782 | Crypt:3  | Identified the Incunabulum of Ensnaring Orientation
 82877 | Crypt:3  | Identified the ring of Nezazxar {*Tele +Blink rC+ Str-5
                  | Dex+3}
 84294 | Hell     | Entered the Vestibule of Hell
 84297 | Hell     | Noticed Geryon
 84385 | Depths:1 | Identified a +6 sacred scourge of holy wrath (a +4 demon
                  | whip of draining blessed by the Shining One)
 84385 | Depths:1 | Received a gift from the Shining One
 84534 | Hell     | Noticed Murray
 84795 | Depths:1 | Killed Murray
 85519 | Hell     | Killed Geryon
 85550 | Hell     | Found a gateway to the ashen valley of Gehenna.
 85650 | Hell     | Found a gateway to the decaying netherworld of Tartarus.
 85743 | Hell     | Found a gateway to the freezing wastes of Cocytus.
 85792 | Hell     | Found a gateway to the Iron City of Dis.
 85915 | Depths:1 | Voluntarily entered the Abyss.
 86235 | Abyss:3  | Found a corrupted altar of Lugonu.
 86429 | Abyss:4  | Paralysed by accursed screaming for 1 turns
 86441 | Abyss:4  | Paralysed by accursed screaming for 2 turns
 86465 | Abyss:4  | Reached skill level 10 in Invocations
 87059 | Abyss:4  | Found a shadowy altar of Dithmenos.
 87131 | Abyss:4  | Paralysed by accursed screaming for 1 turns
 87169 | Abyss:4  | Paralysed by accursed screaming for 1 turns
 87426 | Abyss:4  | Gained mutation: You are weak. (Str -2) [a neqoxec]
 87498 | Abyss:4  | Found a transporter.
 87506 | Abyss:4  | Found a corrupted altar of Lugonu.
 87506 | Abyss:4  | Found a transporter.
 87523 | Abyss:4  | Paralysed by accursed screaming for 1 turns
 87530 | Abyss:4  | Paralysed by accursed screaming for 2 turns
 87662 | Abyss:4  | Got a slimy platinum amulet
 87699 | Abyss:4  | Found a transporter.
 87911 | Abyss:4  | Found a corrupted altar of Lugonu.
 87913 | Abyss:4  | Found a transporter.
 87921 | Abyss:4  | Found a transporter.
 88021 | Abyss:4  | Found a transporter.
 88027 | Abyss:4  | Reached skill level 15 in Invocations
 88293 | Abyss:5  | Entered Level 5 of the Abyss
 88293 | Abyss:5  | Found a corrupted altar of Lugonu.
 88327 | Abyss:5  | Identified the amulet of Creativity {Spirit +Inv Dex+3
                  | Stlth+} (You found it on level 4 of the Abyss)
 88474 | Abyss:5  | Noticed an ancient lich
 88484 | Depths:1 | Escaped the Abyss
 88565 | Depths:1 | Voluntarily entered the Abyss.
 89166 | Abyss:3  | Noticed an ancient lich
 89185 | Abyss:3  | Killed an ancient lich
 89671 | Abyss:3  | Gained mutation: You are dopey. (Int -2) [a neqoxec]
 89818 | Abyss:3  | Found a shadowy altar of Dithmenos.
 90009 | Abyss:3  | Was forgiven by Okawaru
 90800 | Abyss:3  | Noticed an ancient lich
 90809 | Abyss:3  | Killed an ancient lich
 91424 | Abyss:3  | Found a corrupted altar of Lugonu.
 91511 | Abyss:3  | Noticed an ancient lich
 91527 | Abyss:3  | Killed an ancient lich
 91588 | Abyss:3  | Got an abyssal rune of Zot
 91597 | Abyss:3  | Paralysed by a lich for 5 turns
 91921 | Depths:1 | Escaped the Abyss
 91995 | Pan      | Entered Pandemonium
 92018 | Pan      | Noticed Nirchooce the pandemonium lord
 92020 | Pan      | Gained mutation: Scrolls take you a little longer to read.
                  | [a neqoxec]
 92028 | Pan      | Killed Nirchooce the pandemonium lord
 92074 | Pan      | Got a demonic rune of Zot
 93927 | Pan      | Noticed Tenatt the pandemonium lord
 93935 | Pan      | Killed Tenatt the pandemonium lord
 93937 | Pan      | Identified the ring "Vujank" {rC+ MR+ Str+5 SInv}
 94105 | Pan      | Gained mutation: Scrolls take you longer to read. [a
                  | cacodemon]
 94160 | Pan      | Gained mutation: Your magical capacity is low. (-10% MP) [a
                  | cacodemon]
 94162 | Pan      | Gained mutation: You are frail. (-10% HP) [a cacodemon]
 94468 | Pan      | Learned a level 6 spell: Deflect Missiles
 94629 | Pan      | Entered the realm of Gloorx Vloq.
 95405 | Pan      | Noticed Gloorx Vloq
 95423 | Pan      | HP: 11/241 [Executioner (3)]
 95426 | Pan      | Killed Gloorx Vloq
 95426 | Pan      | Reached skill level 27 in Fighting
 95904 | Pan      | Got a dark rune of Zot
 96111 | Pan      | Noticed Xawi the pandemonium lord
 96135 | Pan      | Killed Xawi the pandemonium lord
 96179 | Pan      | Reached skill level 27 in Armour
 96229 | Pan      | Noticed Ignacio
 96244 | Pan      | Killed Ignacio
 96760 | Pan      | Found an exit through the horrors of the Abyss.
 97146 | Pan      | Gained mutation: Scrolls take you much longer to read. [a
                  | cacodemon]
 97182 | Pan      | Gained mutation: Your magical capacity is very low. (-20%
                  | MP) [a cacodemon]
 97741 | Pan      | Noticed Awoh the pandemonium lord
 97784 | Pan      | Killed Awoh the pandemonium lord
 98542 | Pan      | Noticed Qoidilinn the pandemonium lord
 98569 | Pan      | Killed Qoidilinn the pandemonium lord
 98829 | Pan      | Found an exit through the horrors of the Abyss.
 98917 | Pan      | Reached skill level 27 in Dodging
 99426 | Depths:1 | Escaped Pandemonium
 99677 | Slime:1  | Entered Level 1 of the Pits of Slime
 99842 | D:11     | Lost mutation: Scrolls take you much longer to read.
                  | [potion of mutation]
 99842 | D:11     | Lost mutation: You are frail. (-10% HP) [potion of
                  | mutation]
 99842 | D:11     | Gained mutation: You evolve. [potion of mutation]
100042 | Elf:3    | Lost mutation: You are weak. (Str -2) [potion of mutation]
100042 | Elf:3    | Lost mutation: You are dopey. (Int -2) [potion of mutation]
100042 | Elf:3    | Lost mutation: You evolve. [potion of mutation]
100042 | Elf:3    | Gained mutation: Your system is resistant to poisons.
                  | (rPois) [potion of mutation]
100042 | Elf:3    | Gained mutation: You are partially covered in large bone
                  | plates. (SH +4) [potion of mutation]
100042 | Elf:3    | Lost mutation: Scrolls take you longer to read. [potion of
                  | mutation]
100042 | Elf:3    | Gained mutation: You passively map a small area around you.
                  | [potion of mutation]
100718 | Slime:3  | Gained mutation: You are frail. (-10% HP) [a shining eye]
101392 | Slime:1  | Paralysed by a great orb of eyes for 3 turns
102162 | Slime:3  | Noticed Dissolution
102197 | Slime:4  | Killed Dissolution
102674 | Slime:4  | Gained mutation: Scrolls take you longer to read. [a
                  | shining eye]
102800 | Slime:5  | Entered Level 5 of the Pits of Slime
103206 | Slime:5  | Found a viscous altar of Jiyva.
103230 | Slime:5  | Noticed the Royal Jelly
103286 | Slime:5  | Killed the Royal Jelly
103349 | Slime:5  | Got a slimy rune of Zot
103408 | Slime:5  | Got a fine bronze amulet
103411 | Slime:5  | Identified the amulet "Wurolidgh" {*Drain rElec rF+++
                  | Regen+ Dex-3} (You found it on level 5 of the Pits of
                  | Slime)
103779 | Pan      | Entered the realm of Cerebov.
103779 | Pan      | Entered Pandemonium
104198 | Pan      | Identified the +6 sword of Cerebov {flame}
104198 | Pan      | Noticed Cerebov
104253 | Pan      | Killed Cerebov
104603 | Pan      | Got a fiery rune of Zot
104885 | Pan      | Found an exit through the horrors of the Abyss.
105029 | Pan      | Reached skill level 27 in Invocations
105545 | Pan      | Lost mutation: Scrolls take you longer to read. [potion of
                  | mutation]
105545 | Pan      | Lost mutation: Your system is resistant to poisons. (rPois)
                  | [potion of mutation]
105545 | Pan      | Lost mutation: You are frail. (-10% HP) [potion of
                  | mutation]
105545 | Pan      | Lost mutation: Scrolls take you a little longer to read.
                  | [potion of mutation]
105545 | Pan      | Gained mutation: You are occasionally teleported next to
                  | monsters. [potion of mutation]
105545 | Pan      | Gained mutation: You have a pair of large horns on your
                  | head. [potion of mutation]
105840 | Pan      | Noticed Asmuj the pandemonium lord
105878 | Pan      | Gained mutation: You are resistant to electric shocks.
                  | (rElec) [a neqoxec]
106270 | Pan      | Killed Asmuj the pandemonium lord
106295 | Pan      | Found a runed translucent door.
106345 | Pan      | Entered the realm of Mnoleg.
106426 | Pan      | Gained mutation: You are clumsy. (Dex -2) [a cacodemon]
106427 | Pan      | Gained mutation: You are frail. (-10% HP) [a cacodemon]
106461 | Pan      | Gained mutation: Potions are less effective at restoring
                  | your health. [a neqoxec]
106487 | Pan      | Gained mutation: You are very clumsy. (Dex -4) [a neqoxec]
106589 | Pan      | Gained mutation: You are very frail. (-20% HP) [a shining
                  | eye]
106599 | Pan      | Gained mutation: Your magical capacity is extremely low.
                  | (-30% MP) [a neqoxec]
106602 | Pan      | Gained mutation: You occasionally shout uncontrollably at
                  | your foes. [a cacodemon]
106665 | Pan      | Noticed Mnoleg
106672 | Pan      | Identified the cursed -2 tower shield of Gunulo {MR+ Dex+4}
106717 | Pan      | Killed Mnoleg
106804 | Pan      | Got a glowing rune of Zot
106880 | Pan      | Got a twitching tin ring
106881 | Pan      | Identified the ring "Xumec" {+Blink rF+ rN+ MR- Stlth-}
                  | (You found it in Pandemonium)
107100 | Pan      | Reached skill level 1 in Charms
107100 | Pan      | Reached skill level 1 in Air Magic
107368 | Pan      | Found an exit through the horrors of the Abyss.
107623 | Pan      | Noticed Femn the pandemonium lord
107650 | Pan      | Killed Femn the pandemonium lord
108060 | Pan      | Found an exit through the horrors of the Abyss.
108097 | Pan      | Reached skill level 5 in Air Magic
108144 | Pan      | Reached skill level 5 in Charms
108248 | Pan      | Noticed Cadwy the pandemonium lord
108269 | Pan      | Killed Cadwy the pandemonium lord
109298 | Pan      | Found an exit through the horrors of the Abyss.
109387 | Pan      | Noticed Wiedocso the pandemonium lord
109549 | Pan      | Noticed Xiall the pandemonium lord
109562 | Pan      | Killed Xiall the pandemonium lord
109811 | Pan      | Gained mutation: You are extremely frail. (-30% HP) [a
                  | neqoxec]
110024 | Pan      | Found an exit through the horrors of the Abyss.
110697 | Depths:1 | Escaped Pandemonium
110765 | Depths:2 | Lost mutation: You have a pair of large horns on your head.
                  | [potion of mutation]
110765 | Depths:2 | Lost mutation: You are resistant to electric shocks.
                  | (rElec) [potion of mutation]
110765 | Depths:2 | Lost mutation: You are partially covered in large bone
                  | plates. (SH +4) [potion of mutation]
110765 | Depths:2 | Gained mutation: Your muscles are strong. (Str +2) [potion
                  | of mutation]
110837 | Pan      | Entered the realm of Lom Lobon.
110837 | Pan      | Entered Pandemonium
110997 | Pan      | Noticed Lom Lobon
111010 | Pan      | Killed Lom Lobon
111034 | Pan      | Got a magical rune of Zot
111787 | Pan      | Found an exit through the horrors of the Abyss.
112035 | Pan      | Noticed Nef Lec the pandemonium lord
112048 | Pan      | Killed Nef Lec the pandemonium lord
112153 | Pan      | Lost mutation: Your magical capacity is extremely low.
                  | (-30% MP) [a neqoxec]
112156 | Pan      | Lost mutation: You occasionally shout uncontrollably at
                  | your foes. [a neqoxec]
112159 | Pan      | Gained mutation: Scrolls take you a little longer to read.
                  | [a neqoxec]
112640 | Pan      | Noticed Ujit the pandemonium lord
112657 | Pan      | Killed Ujit the pandemonium lord
112657 | Pan      | Reached skill level 10 in Air Magic
112666 | Pan      | Identified the +2 ring mail of Polish {+Inv rCorr Str-4}
112721 | Depths:1 | Escaped Pandemonium
112938 | D:8      | Fell from the grace of the Shining One
112938 | D:8      | Became a worshipper of Zin the Law-Giver
112938 | D:8      | Reached * piety under Zin
112938 | D:8      | Reached ** piety under Zin
112938 | D:8      | Reached *** piety under Zin
112938 | D:8      | Reached **** piety under Zin
112938 | D:8      | Reached ***** piety under Zin
112939 | D:8      | Donated 5759 gold pieces to Zin
113172 | Depths:1 | Reached ****** piety under Zin
113190 | Depths:1 | Voluntarily entered the Abyss.
113248 | Abyss:1  | Found a corrupted altar of Lugonu.
113271 | Abyss:1  | Found a corrupted altar of Lugonu.
113347 | Depths:1 | Escaped the Abyss
113684 | D:2      | Fell from the grace of Zin
113684 | D:2      | Became a worshipper of the Shining One
114022 | Geh:1    | Entered Level 1 of Gehenna
114024 | Geh:1    | Reached skill level 10 in Charms
116242 | Geh:7    | Entered Level 7 of Gehenna
116650 | Geh:7    | HP: 5/191 [Brimstone Fiend/damnation (30)]
117602 | Geh:7    | Identified the +7 sceptre of Asmodeus
117602 | Geh:7    | Noticed Asmodeus
117636 | Geh:7    | Killed Asmodeus
117641 | Geh:7    | Got an obsidian rune of Zot
118214 | Zot:1    | Entered Level 1 of the Realm of Zot
118216 | Zot:1    | Got a sparkling golden ring
118219 | Zot:1    | Identified the ring "Haisith" {Int+5 Dex+2} (You found it
                  | on level 1 of the Realm of Zot)
118339 | Zot:1    | Found a large runed translucent door.
118339 | Zot:1    | Found a large runed translucent door.
118343 | Zot:1    | Noticed Moachet's ghost (legendary DrFE)
120246 | Zot:3    | Noticed an orb of fire
120253 | Zot:3    | Gained mutation: You occasionally shout uncontrollably at
                  | your foes. [an orb of fire]
120258 | Zot:3    | Gained mutation: Your magical capacity is extremely low.
                  | (-30% MP) [an orb of fire]
120261 | Zot:3    | Killed an orb of fire
120329 | Zot:3    | You fall into a shaft and drop 1 floor!
120944 | Zot:4    | Found a runed translucent gate.
120944 | Zot:4    | Found a runed translucent gate.
120944 | Zot:4    | Found a runed translucent gate.
120945 | Zot:4    | Noticed Ynis's ghost (legendary MiBe)
121139 | Zot:4    | Identified the Compendium of Lucky Darkness
121616 | D:15     | Killed Lydajysemn's ghost
121943 | Tomb:1   | Entered Level 1 of the Tomb of the Ancients
123228 | Tomb:1   | Noticed a greater mummy
123229 | Tomb:1   | Noticed a greater mummy
123240 | Tomb:1   | Killed a greater mummy
123244 | Tomb:1   | Killed a greater mummy
123713 | Tomb:2   | Noticed a greater mummy
123715 | Tomb:2   | Noticed an ancient lich
123716 | Tomb:2   | Noticed a greater mummy
123716 | Tomb:2   | Noticed a greater mummy
123735 | Tomb:2   | Noticed Mennas
123745 | Tomb:2   | Slain by a death scarab

Levels and vault maps discovered:
D:1:      kb_arrival_jail, layout_basic
D:2:      layout_basic, lemuel_crystal_altar, minmay_tetromino_s2
D:3:      layout_loops_cross, xom_butterflies, grunt_temple_overflow_open,
          uniq_ijyb
D:4:      layout_basic, temple_doors_e, gammafunk_ghost_icy
D:5:      layout_basic, lemuel_crystal_altar, biasface_ghost_orc_armoury,
          first_ration, chequers_jeans, uniq_eustachio
D:6:      layout_rooms, makhleb_grotto_becter, serial_undead, serial_undead_e,
          serial_undead_f, serial_undead_e, serial_undead_d, uniq_prince_ribbit1
D:7:      layout_loops_ring, serial_shops, kennysheep_mini,
          kennysheep_opposing_triangles
D:8:      layout_loops_ring, grunt_temple_overflow_gold_and_silver,
          old_standard_altar, serial_shops, shop
D:9:      layout_loops_ring, bloody_trog, serial_shops, shop, minmay_orc_keep
D:10:     layout_rooms, lair_entry_dummy, hangedman_abyss_or_decor_stagger,
          uniq_maggie, uniq_joseph
D:11:     layout_basic, orc_0_dummy, hellmonk_ghost_happy_afterlife,
          david_nohive_1
D:12:     layout_gridville
D:13:     evilmike_library_of_no_secrets, layout_loops_ring, david_vaults_3,
          serial_shops, shop, shop
D:14:     layout_roguey, nicolae_lava_and_water
D:15:     grunt_enter_depths_magical_seal, layout_small_grid,
          ebering_ghost_gozag, corexii_corridor_pit, small_chamber_with_monster
Temple:   nicolae_temple_no_exploring_needed
Lair:1:   wad_woods_structure_01, layout_small_grid
Lair:2:   layout_roguey, chequers_serial_rivers_marsh
Lair:3:   layout_roguey, minmay_lair_oklob_chamber
Lair:4:   layout_loops_ring, minmay_shoals_entry_beasts,
          spider_nest_entry_rubble, lemuel_fruit_tree
Lair:5:   layout_misc_corridors, minmay_slime_entry_pillars, basic_altar,
          serial_rivers, chequers_serial_rivers_micro_b,
          chequers_serial_rivers_small_a, chequers_serial_rivers_micro_a,
          chequers_serial_rivers_large_b, chequers_serial_rivers_micro_a,
          serial_bayou_shore_b, infiniplex_staircase_pool_2, grunt_megastairs_3
Lair:6:   hangedman_lair_caniforms_friends, layout_cave_shapes,
          guppyfry_lair_end_dragon, uniq_snorg
Shoals:1: layout_shoals, st_cyclops
Shoals:2: layout_shoals, nicolae_shoals_flooded_hall
Shoals:3: layout_shoals, ebering_ghost_disaster_area, lemuel_oklob_altar
Shoals:4: shoals_end_grunt_ice, layout_shoals, serial_shops, shop, uniq_louise
Spider:1: layout_spider_delve
Spider:2: layout_spider_delve
Spider:3: layout_chambers, drop_trap
Spider:4: spider_rune_water
Slime:1:  layout_caves
Slime:2:  layout_caves
Slime:3:  layout_caves, cheibrodos_slime_lost_civilization_7, uniq_dissolution
Slime:4:  layout_caves
Slime:5
Orc:1:    layout_caves, serial_shops, shop, basic_altar
Orc:2:    st_orc_pillars, layout_caves, uniq_azrael
Elf:1:    eino_elf_arrival_customs, layout_geoelf_grid, minmay_elf_demonology
Elf:2:    layout_geoelf_grid, feat_on_display
Elf:3:    minmay_elf_hall_x, layout_geoelf_octagon, billiards_dpeg
Vaults:1: st_octagons_2, hangedman_vaults_nodes,
          nicolae_vaults_stairing_the_circle, hangedman_vaults_unwind,
          vaults_mumra_hex, grunt_vaults_swirl, ontoclasm_vaults_loading_screen,
          vaults_room_ringed_pool, hangedman_vaults_capsules, v_misc_8,
          layout_vaults_chaotic_city, basic_altar
Vaults:2: v_misc_25, v_misc_8, vaults_mumra_chevron_long,
          hangedman_vaults_restitches, hangedman_vaults_slice,
          layout_vaults_quadrants
Vaults:3: ontoclasm_vaults_ring_small, nicolae_vaults_rhombus_7,
          ontoclasm_vaults_ring_square, ontoclasm_vaults_eye, v_rooms_3,
          v_rooms_4, hangedman_vaults_stream, v_alt_pattern_5,
          ontoclasm_vaults_ligature, v_misc_16, v_misc_5, vaults_mumra_chevron,
          blue_anna_dwarven_crypt, layout_vaults_maze
Vaults:4: gammafunk_vaults_ghost_split, vaults_room_pool, v_misc_4,
          vaults_dpeg_ring, hangedman_vaults_impose,
          hangedman_vaults_hard_town_square, grunt_vaults_hallway_short,
          v_rooms_4, v_misc_13, vaults_room_fours, nicolae_vaults_big_ls,
          nicolae_vaults_sealed_display, v_misc_23, dpeg_vaults_monster_box,
          layout_vaults_omnicross
Vaults:5: uniq_mara, uniq_sojobo
Crypt:1:  layout_chaotic_city, mu_enter_wizlab_4
Crypt:2:  layout_basic, uniq_margery
Crypt:3:  evilmike_haunted_forest
Tomb:1
Tomb:2:   uniq_mennas
Depths:1: layout_basic, enter_ziggurat_d, serial_curves, eino_curves_02,
          eino_curves_01, chequers_big_river, pf_dread_powers_of_hell,
          pan_entry, hangedman_abyss_entry_splay, dk_noncrumbling_4,
          chequers_serial_rivers_large_a, hex_tiny, drop_trap
Depths:2: kennysheep_gozag_temple, layout_basic, minmay_misc_feat_chi,
          hell_entry, infiniplex_staircase_zigzag_3
Depths:3: gammafunk_jiyva_shrine, layout_basic, rand_demon_pan_entry_1,
          hell_entry, serial_shops, nicolae_shop_trees,
          minmay_tree_intersection, abyss_entry_small_statue_room,
          minmay_fire_ice_demons, grunt_megastairs_5, firewood_loft
Depths:4: box_level_dp, hell_entry, abyss_entry
Depths:5: grunt_zot_entry_alcove, layout_cave_pools,
          serial_sigils_hangedman_quiver, hell_entry, abyss_entry_flame_altar
Hell
Geh:1:    layout_gehenna_lava_caves
Geh:2:    layout_gehenna_pools_basic, nicolae_geh_fiery_graves
          [nicolae_geh_single_fiery_grave, nicolae_geh_single_fiery_grave,
          nicolae_geh_single_fiery_grave, nicolae_geh_single_fiery_grave,
          nicolae_geh_single_fiery_grave, nicolae_geh_single_fiery_grave,
          nicolae_geh_single_fiery_grave, nicolae_geh_single_fiery_grave,
          nicolae_geh_single_fiery_grave]
Geh:3:    layout_gehenna_pools_basic
Geh:4:    layout_gehenna_pools_box
Geh:5:    layout_gehenna_pools_basic
Geh:6:    layout_gehenna_pools_basic, lemuel_flamethrower_2
Geh:7:    geh_old
Zot:1:    layout_concentric_octagons, ebering_ghost_disaster_area
Zot:2:    layout_misc_corridors
Zot:3:    layout_concentric_octagons, st_single_dragon_hoard_1
Zot:4:    layout_concentric_octagons, gammafunk_ghost_tricky_traps,
          guppyfry_library_mini

Skill      XL: |  1  2  3  4  5  6  7  8  9 10 11 12 13 14 15 16 17 18 19 20 21 22 23 24 25 26 27 |
---------------+----------------------------------------------------------------------------------+-----
Maces & Flails | 3 4 5 6 7 8 9 10 11 14 16 25 | 25.0
Fighting       | 4 5 7 8 9 10 11 13 14 16 17 18 19 20 22 23 25 27 | 27.0
Armour         | 4 5 7 8 9 10 13 15 17 18 19 20 21 23 24 27 | 27.0
Shields        | 4 5 7 8 9 10 13 15 | 15.0
Invocations    | 6 7 27 | 27.0
Dodging        | 2 8 10 12 14 15 16 17 19 20 22 27 | 27.0
Evocations     | 10 11 14 | 14.0
Spellcasting   | 1 6 |  6.3
Transmutations | 7 10 | 10.0
Poison Magic   | 7 9 |  9.0
Charms         | 13 | 13.0
Air Magic      | 14 | 14.0

Action                   |  1- 3 |  4- 6 |  7- 9 | 10-12 | 13-15 | 16-18 | 19-21 | 22-24 | 25-27 || total
-------------------------+-------+-------+-------+-------+-------+-------+-------+-------+-------++-------
Melee: Flail             |   118 |   171 |   292 |   191 |       |       |       |       |       ||   772
       Headbutt          |    17 |    18 |    57 |   181 |   323 |   493 |   474 |   569 |  2765 ||  4897
       Morningstar       |       |       |       |   741 |  1591 |  1247 |       |       |       ||  3579
       Eveningstar       |       |       |       |       |       |   826 |  1794 |  1990 |  2927 ||  7537
       Sacred scourge    |       |       |       |       |       |       |       |       |  5796 ||  5796
Throw: Throwing net      |       |       |       |       |       |       |       |       |     3 ||     3
 Cast: Alistair's Intoxi |       |       |       |       |       |       |       |       |     1 ||     1
       Deflect Missiles  |       |       |       |       |       |       |       |       |     5 ||     5
Invok: Heroism           |       |       |     1 |     2 |       |       |       |       |       ||     3
       Cleansing Flame   |       |       |       |       |       |       |       |       |   143 ||   143
       Divine Shield     |       |       |       |       |       |       |       |       |     2 ||     2
       Donate Gold       |       |       |       |       |       |       |       |       |     1 ||     1
       Summon Divine War |       |       |       |       |       |       |       |       |     1 ||     1
       Brand Weapon With |       |       |       |       |       |       |       |       |     1 ||     1
 Abil: Evoke Flight      |       |       |       |       |       |     1 |       |       |     1 ||     2
Evoke: Lightning rod     |       |       |       |       |     1 |    16 |     5 |     5 |     5 ||    32
       Phial of floods   |       |       |       |       |       |     1 |       |       |     1 ||     2
       Wand              |       |       |       |       |       |       |     1 |     1 |    10 ||    12
  Use: Potion            |       |     1 |     1 |     1 |     1 |       |     1 |     8 |    24 ||    37
       Scroll            |       |       |     5 |     7 |    24 |    15 |     9 |    14 |    33 ||   107
  Eat: Chunk             |     3 |     5 |     3 |    14 |    21 |    18 |    29 |    20 |    33 ||   146
       Ration            |       |     1 |     2 |     5 |     4 |     7 |     4 |     9 |    48 ||    80
Armor: Scale mail        |    46 |       |       |       |       |    29 |    97 |       |       ||   172
       Ring mail         |       |    53 |    40 |   188 |     1 |       |       |       |       ||   282
       Plate armour      |       |       |       |       |   551 |   793 |       |       |       ||  1344
       Chain mail        |       |       |       |       |       |       |    72 |       |       ||    72
       Fire dragon scale |       |       |       |       |       |       |    69 |   516 |  1862 ||  2447
Dodge: Dodged            |    45 |    33 |    55 |   187 |   342 |   756 |   600 |   885 |  4462 ||  7365
       Deflected         |       |       |       |       |       |       |       |       |    15 ||    15
Block: Kite shield       |    54 |    44 |   182 |   443 |  1358 |  2362 |  1496 |  1676 |  7292 || 14907
       Reflection        |       |       |     6 |     4 |    53 |   117 |   139 |    38 |   148 ||   505
       Other             |       |       |       |    37 |       |       |       |       |       ||    37

Table legend:
 A = Non-vault XP
 B = Vault XP
 C = Vault XP percentage of total XP
 D = Non-vault monster count
 E = Vault monster count
 F = Vault count percentage of total count
                 A         B        C        D         E       F
            +---------+---------+-------+---------+---------+-------
      Total | 2014642 | 1352993 |  40.2 |    3549 |    1439 |  28.8
            +---------+---------+-------+---------+---------+-------
        D:1 |      33 |       0 |   0.0 |      20 |       0 |   0.0
        D:2 |      57 |       2 |   3.4 |      31 |       2 |   6.1
        D:3 |     204 |      33 |  13.9 |      27 |       1 |   3.6
        D:4 |     518 |     287 |  35.7 |      20 |       6 |  23.1
        D:5 |     383 |     598 |  61.0 |      17 |       9 |  34.6
        D:6 |    1539 |     527 |  25.5 |      13 |      11 |  45.8
        D:7 |    1371 |     173 |  11.2 |      33 |       3 |   8.3
        D:8 |    1419 |       0 |   0.0 |      36 |       0 |   0.0
        D:9 |    1057 |     272 |  20.5 |      17 |       9 |  34.6
       D:10 |    1265 |     829 |  39.6 |      18 |       2 |  10.0
       D:11 |    4867 |    2009 |  29.2 |      25 |      16 |  39.0
       D:12 |    2490 |    2549 |  50.6 |      12 |      11 |  47.8
       D:13 |    7354 |   16029 |  68.5 |      29 |      32 |  52.5
       D:14 |    9844 |       0 |   0.0 |      34 |       0 |   0.0
       D:15 |   14086 |   15144 |  51.8 |      38 |      18 |  32.1
     Lair:1 |    3271 |     837 |  20.4 |      17 |       6 |  26.1
     Lair:2 |    3390 |       0 |   0.0 |      16 |       0 |   0.0
     Lair:3 |    3161 |       0 |   0.0 |      11 |       0 |   0.0
     Lair:4 |   12243 |    1113 |   8.3 |      38 |       3 |   7.3
     Lair:5 |   18350 |    1384 |   7.0 |      45 |       9 |  16.7
     Lair:6 |     790 |   14658 |  94.9 |       4 |      66 |  94.3
   Shoals:1 |    4679 |    4522 |  49.1 |      10 |       7 |  41.2
   Shoals:2 |   22795 |    5973 |  20.8 |      43 |      12 |  21.8
   Shoals:3 |   19618 |    2618 |  11.8 |      38 |       2 |   5.0
   Shoals:4 |   15719 |   20405 |  56.5 |      36 |      33 |  47.8
   Spider:1 |    6337 |       0 |   0.0 |      19 |       0 |   0.0
   Spider:2 |   14121 |       0 |   0.0 |      47 |       0 |   0.0
   Spider:3 |   12260 |    5154 |  29.6 |      33 |       4 |  10.8
   Spider:4 |   15907 |   15853 |  49.9 |      46 |      35 |  43.2
    Slime:1 |    7938 |       0 |   0.0 |       9 |       0 |   0.0
    Slime:2 |   11330 |    2379 |  17.4 |      34 |       1 |   2.9
    Slime:3 |   26912 |     554 |   2.0 |      49 |       2 |   3.9
    Slime:4 |    6429 |   13499 |  67.7 |      14 |       1 |   6.7
    Slime:5 |   19987 |   28484 |  58.8 |      46 |       8 |  14.8
      Orc:1 |    8810 |    1912 |  17.8 |      55 |      11 |  16.7
      Orc:2 |     571 |   12454 |  95.6 |       7 |      56 |  88.9
      Elf:1 |   22457 |    9338 |  29.4 |      36 |      14 |  28.0
      Elf:2 |   20094 |   19942 |  49.8 |      33 |      26 |  44.1
      Elf:3 |   10075 |   60164 |  85.7 |      15 |      42 |  73.7
   Vaults:1 |   47161 |   35094 |  42.7 |     101 |      67 |  39.9
   Vaults:2 |   55527 |    1613 |   2.8 |      93 |       3 |   3.1
   Vaults:3 |   28675 |   21144 |  42.4 |      51 |      35 |  40.7
   Vaults:4 |   65779 |  125355 |  65.6 |     101 |     107 |  51.4
   Vaults:5 |   30775 |   65271 |  68.0 |      42 |      43 |  50.6
    Crypt:1 |   28257 |       0 |   0.0 |      50 |       0 |   0.0
    Crypt:2 |   21203 |       0 |   0.0 |      25 |       0 |   0.0
    Crypt:3 |       0 |   83989 | 100.0 |       0 |     112 | 100.0
     Tomb:1 |   10094 |   41857 |  80.6 |      21 |      49 |  70.0
     Tomb:2 |   10417 |     869 |   7.7 |      12 |       5 |  29.4
   Depths:1 |   39744 |    8384 |  17.4 |      57 |       8 |  12.3
   Depths:2 |   54461 |   10788 |  16.5 |      74 |       9 |  10.8
   Depths:3 |   25607 |   30722 |  54.5 |      29 |      37 |  56.1
   Depths:4 |   48573 |   88754 |  64.6 |      50 |      68 |  57.6
   Depths:5 |   22714 |   24753 |  52.1 |      21 |      15 |  41.7
       Hell |   20010 |   18329 |  47.8 |      46 |      33 |  41.8
      Geh:1 |   55502 |       0 |   0.0 |     106 |       0 |   0.0
      Geh:2 |   34026 |       0 |   0.0 |      73 |       0 |   0.0
      Geh:3 |    7801 |       0 |   0.0 |      20 |       0 |   0.0
      Geh:4 |     540 |       0 |   0.0 |       2 |       0 |   0.0
      Geh:5 |    6284 |       0 |   0.0 |      17 |       0 |   0.0
      Geh:6 |   14771 |       0 |   0.0 |      48 |       0 |   0.0
      Geh:7 |   48943 |   53062 |  52.0 |      90 |      42 |  31.8
      Zot:1 |   25582 |       0 |   0.0 |      17 |       0 |   0.0
      Zot:2 |   27659 |       0 |   0.0 |      15 |       0 |   0.0
      Zot:3 |   37394 |    4281 |  10.3 |      17 |       1 |   5.6
      Zot:4 |   40228 |   14454 |  26.4 |      21 |       9 |  30.0
    Abyss:1 |   46731 |    6754 |  12.6 |      37 |       3 |   7.5
    Abyss:2 |   28187 |     754 |   2.6 |      78 |       1 |   1.3
    Abyss:3 |  182256 |   37805 |  17.2 |     354 |      47 |  11.7
    Abyss:4 |  146122 |   18022 |  11.0 |     252 |      15 |   5.6
    Abyss:5 |    6798 |       0 |   0.0 |       8 |       0 |   0.0
        Pan |  463090 |  369147 |  44.4 |     550 |     237 |  30.1
     WizLab |       0 |   32097 | 100.0 |       0 |      35 | 100.0
            +---------+---------+-------+---------+---------+-------
